 Dungeon Crawl Stone Soup version 0.26.0-45-g9c1d065592 (webtiles) character file.

Game seed: 5880765773083122693

2 kaeus the Stinger (level 1, -2/13 HPs)
             Began as a Gnoll Venom Mage on Jan 31, 2021.
             Slain by a kobold
             ... wielding a +0 short sword
              (6 damage)
             ... on level 1 of the Dungeon.
             The game lasted 00:00:24 (141 turns).

kaeus the Stinger (Gnoll Venom Mage)                 Turns: 141, Time: 00:00:24

Health: -2/13      AC:  2    Str: 10    XL:     1   Next: 30%
Magic:  2/6        EV: 14    Int: 17    God:
Gold:   0          SH:  0    Dex: 15    Spells: 8/9 levels left

rFire    . . .     SeeInvis .   (no weapon)
rCold    . . .     Faith    .   (no shield)
rNeg     . . .     Spirit   .   a - +0 robe
rPois    .         Reflect  .   (no helmet)
rElec    .         Harm     .   (no cloak)
rCorr    .         Rampage  .   (no gloves)
Will     .....                  (no boots)
Stlth    +++.......             (no amulet)
HPRegen  0.04/turn              (no ring)
MPRegen  0.10/turn              (no ring)

@: no status effects
A: distributed training, fangs 1, strong nose
a: no special abilities


You were on level 1 of the Dungeon.
You visited 1 branch of the dungeon, and saw 1 of its levels.

Inventory:

Armour
 a - a +0 robe (worn)
 e - a +0 buckler
Scrolls
 b - a scroll of amnesia {unknown}
 d - a scroll of immolation {unknown}
Potions
 c - a potion of might {unknown}


   Skills:
 + Level 0.0 Fighting
 + Level 0.0 Short Blades
 + Level 0.0 Long Blades
 + Level 0.0 Axes
 + Level 0.0 Maces & Flails
 + Level 0.0 Polearms
 + Level 0.0 Staves
 + Level 0.0 Slings
 + Level 0.0 Bows
 + Level 0.0 Crossbows
 + Level 0.0 Throwing
 + Level 0.0 Armour
 + Level 4.4 Dodging
 + Level 4.0 Stealth
 + Level 0.0 Shields
 + Level 0.0 Unarmed Combat
 + Level 4.8 Spellcasting
 + Level 0.0 Conjurations
 + Level 0.0 Hexes
 + Level 0.0 Summonings
 + Level 0.0 Necromancy
 + Level 0.0 Translocations
 + Level 1.9 Transmutations
 + Level 0.0 Fire Magic
 + Level 0.0 Ice Magic
 + Level 0.0 Air Magic
 + Level 0.0 Earth Magic
 + Level 5.3 Poison Magic
 + Level 0.1 Invocations
 + Level 0.0 Evocations


You had 8 spell levels left.
You knew the following spells:

 Your Spells              Type           Power        Failure   Level
a - Sting                 Tmut/Pois      64%          3%          1

Your spell library contained the following spells:

 Spells                   Type           Power        Failure   Level
 Poisonous Vapours        Pois/Air       26%          7%          2
 Ignite Poison            Fire/Tmut/Pois 12%          16%         3
 Olgreb's Toxic Radiance  Pois           22%          16%         4
 Mephitic Cloud           Conj/Pois/Air  10%          21%         3


Dungeon Overview and Level Annotations

Branches:
Dungeon (1/15)

Altars:


Innate Abilities, Weirdness & Mutations

Your experience applies equally to all skills.
You have very sharp teeth.
Your uncanny sense of smell can sniff out nearby items.


Message History

The kobold is moderately wounded.
The kobold closely misses you. x2
You barely miss the kobold.
The kobold is moderately wounded.
The kobold closely misses you. The kobold completely misses you.
You barely miss the kobold.
The kobold is moderately wounded.
The kobold completely misses you. The kobold misses you.
You hit the kobold.
The kobold is severely wounded.
The kobold closely misses you. The kobold barely misses you.
You hit the kobold but do no damage.
The kobold is severely wounded.
The kobold hits you. The kobold completely misses you.
You take 2 damage, and have 4/13 hp.
You closely miss the kobold.
The kobold is severely wounded.
The kobold misses you.
The kobold hits you with a +0 short sword.
You die...

#...# ##♣#♣####.#.#
#####.!.##
#≈.###♣≈.#.. .........
♣##♣#.♣.≈♣♣♣≈...
......#
♣...........♣♣#.
.....# ♣...........#
#. #...# ♣..###'###..♣
#.
#(..###..#.....#..#♣##
#(..#K...#...<.#...###
#(..K@♣..#.....#..≈.≈#
#...♣#...#....P#...♣##
#...#♣#..#..[..#..♣♣
#...# #..###+###..#
....## ♣...........♣
###### ♣...........#
#.##♣♣.#.♣♣### #..
♣♣.## #.# ♣♣#


You could see 2 kobolds.

Vanquished Creatures
  2 bats (D:1)
2 creatures vanquished.

Notes
Turn   | Place    | Note
-------+----------+-------------------------------------------
     0 | D:1      | kaeus the Gnoll Venom Mage began the quest for the Orb.
     0 | D:1      | Reached XP level 1. HP: 13/13 MP: 6/6
   141 | D:1      | Slain by a kobold

Illustrated notes

Levels and vault maps discovered:
D:1:      saegor_arrival_under_anarchy, layout_loops_cross, chequers_avenue

Action                   || total
-------------------------++-------
Melee: Unarmed           ||    16
 Cast: Sting             ||     7
Armor: Robe              ||     8
Dodge: Dodged            ||    27
